 Dungeon Crawl Stone Soup version 0.17.0-28-g6e173f8 (webtiles) character file.

96 gorblad the Conjurer (level 4, -3/33 HPs)
             Began as a Draconian Conjurer on Nov 30, 2015.
             Slain by an iguana (9 damage)
             ... on level 3 of the Dungeon.
             The game lasted 00:08:50 (2055 turns).

gorblad the Conjurer (Draconian Conjurer)           Turns: 2055, Time: 00:08:51

Health: -3/33      AC:  5    Str: 10    XL:     4   Next: 41%
Magic:  1/10       EV: 12    Int: 16    God:
Gold:   116        SH:  0    Dex: 12    Spells: 2 memorised, 8 levels left

rFire  . . .     SeeInvis .     e - +0 dagger
rCold  . . .     Clarity  .     (armour unavailable)
rNeg   . . .     SustAt   .     (no shield)
rPois  .         Gourm    .     (helmet restricted)
rElec  .         Spirit   .     (no cloak)
rCorr  .         Warding  .     (no gloves)
rMut   .         Stasis   .     (no boots)
MR     .....                    (no amulet)
Stlth  ++........               (no ring)
                                (no ring)

@: not resistant to hostile enchantments, unstealthy
A: unfitting armour, cold-blooded, AC +5
a: no special abilities


You were on level 3 of the Dungeon.
You were not hungry.

You visited 1 branch of the dungeon, and saw 3 of its levels.

You collected 116 gold pieces.

Inventory:

Hand Weapons
 e - a +0 dagger (weapon)
 g - a -1 dagger
Jewellery
 l - an uncursed ring of positive energy {unknown}
Scrolls
 c - a scroll of immolation {unknown}
 d - 7 scrolls of remove curse
 h - a scroll of amnesia {unknown}
Potions
 k - a potion of ambrosia {unknown}
 m - a potion of brilliance {unknown}
Books
 a - a book of Conjurations

   Spells                             Type                      Level
   a - Magic Dart                     Conjuration                  1
   b - Searing Ray                    Conjuration                  2
   c - Dazzling Spray                 Conjuration/Hexes            3
   d - Fulminant Prism                Conjuration/Hexes            4
   e - Iskenderun's Mystic Blast      Conjuration                  4
   f - Iskenderun's Battlesphere      Conjuration/Charms           5
Comestibles
 b - 3 bread rations
 f - a beef jerky
 i - 4 chunks of flesh
 j - 3 fruits


   Skills:
 - Level 1.7 Dodging
 - Level 1.7 Stealth
 - Level 4.0 Spellcasting
 + Level 4.4 Conjurations


You had 8 spell levels left.
You knew the following spells:

 Your Spells              Type           Power        Failure   Level  Hunger
a - Magic Dart            Conj           ###.         3%          1    None
b - Searing Ray           Conj           ###...       6%          2    ##.....


Dungeon Overview and Level Annotations

Branches:
Dungeon (3/15)

Altars:
Ashenzari


Innate Abilities, Weirdness & Mutations

Your plain brown scales are hard (AC +5).
Your body does not fit into most forms of armour.
You are cold-blooded and may be slowed by cold attacks.


Message History

The iguana is almost dead.
The iguana bites you!
* * * LOW HITPOINT WARNING * * *
You are too injured to fight recklessly!
You are too injured to fight recklessly!
Casting: Magic Dart
Confirm with . or Enter, or press ? or * to list all spells.
You don't know that spell.
The iguana bites you.
* * * LOW HITPOINT WARNING * * *
Casting: Magic Dart
Confirm with . or Enter, or press ? or * to list all spells.
Aiming: Magic Dart
Press: ? - help, Shift-Dir - straight line, f/p - iguana
Aim: an iguana (almost dead)
The magic dart hits the iguana.
The iguana is almost dead.
The iguana hisses menacingly.
The iguana bites you!
You die...

### ######.#
#...l@.# #.####.#
########### #.#
#.# #..........
#.# #.#
#.######### #.#
#.#####..........
#.#
#.#...#..########
#.# #.#.#.#..# ##
#.# #.#.#.#..# #.
#.# #.#.#.#..# #.


You could see an iguana.

Vanquished Creatures
  4 adders (D:2)
  2 oozes
  3 giant geckos (D:1)
  4 giant cockroaches
  7 hobgoblins
  3 jackals (D:1)
  2 kobolds (D:1)
  2 quokkas (D:2)
  5 bats
  2 giant newts
  8 goblins
  12 rats
54 creatures vanquished.

Notes
Turn   | Place    | Note
--------------------------------------------------------------
     0 | D:1      | gorblad the Draconian Conjurer began the quest for the Orb.
     0 | D:1      | Reached XP level 1. HP: 14/14 MP: 3/3
   328 | D:1      | Reached XP level 2. HP: 20/20 MP: 3/5
   763 | D:1      | Reached XP level 3. HP: 26/26 MP: 5/7
  1246 | D:2      | Found a shattered altar of Ashenzari.
  1307 | D:2      | Learned a level 2 spell: Searing Ray
  1360 | D:2      | Reached XP level 4. HP: 33/33 MP: 5/10
  2055 | D:3      | Slain by an iguana

Action                   |  1- 3 |  4- 6 || total
-------------------------+-------+-------++-------
Melee: Dagger            |    32 |    14 ||    46
       Unarmed           |     6 |       ||     6
 Cast: Magic Dart        |    68 |    22 ||    90
       Searing Ray       |       |    12 ||    12
  Use: Scroll            |     1 |       ||     1
  Eat: Chunk             |     2 |     2 ||     4
